Map: Lost and Found LE

Players

blitzkrieg

  • Race: Protoss Protoss
  • League: Diamond
  • Spawn Location: 1:00

Kang - Winner!

  • Race: Terran Terran
  • League: Master
  • Spawn Location: 7:00

VOD

Have the link to the VOD?

Description

Time

  • Played on: Oct. 21, 2018, 11:57 a.m.
  • Length: 4:26
Show
View Real Time Build Order
Export as new Build Order

blitzkrieg Protoss 

Build Orders:  

Get SALT Encoding   

  12  0:02  Probe  
  13  0:14  Probe  
  13  0:17  Pylon  
  14  0:25  Probe  
  15  0:33  Probe  
  15  0:39  Gateway  
  15  0:41  Probe  
  16  0:49  Assimilator  
  17  0:52  Probe  
  18  1:05  Probe  
  19  1:17  Probe  
  20  1:31  Cybernetics Core  
  20  1:32  Probe  
  21  1:36  Zealot  
  23  1:44  Pylon  
  23  1:45  Assimilator  
  23  1:59  Stalker  
  23  2:06  Nexus  
  24  2:26  Probe  
  23  2:31  Robotics Facility  
  23  2:52  Stalker  
  23  2:57  Probe  
  26  3:08  Immortal  
  26  3:09  Probe  
  31  3:21  Probe  
  31  3:22  Stalker  
  31  3:26  Probe  
  35  3:33  Probe  
  36  3:38  Probe  
  38  4:06  Gateway  
  38  4:08  Gateway  
Show
View Real Time Build Order
Export as new Build Order

Kang Terran - Winner!

Build Orders: Cyclone Opening 

Get SALT Encoding   

  12  0:00  SCV  
  13  0:12  SCV  
  14  0:18  Supply Depot  
  14  0:25  SCV  
  15  0:40  SCV  
  15  0:42  Barracks  
  16  0:47  Refinery  
  16  0:52  Refinery  
  16  0:56  SCV  
  17  1:09  SCV  
  18  1:21  SCV  
  19  1:29  Reaper  
  20  1:33  Orbital Command  
  20  1:42  Factory  
  20  1:50  Supply Depot  
  20  1:59  SCV  
  21  2:04  Barracks Reactor  
  21  2:13  Supply Depot  
  21  2:18  SCV  
  22  2:35  SCV  
  23  2:49  Cyclone  
  23  2:50  Cyclone  
  29  2:53  Supply Depot, SCV  
  30  3:22  Cyclone x2  
  30  3:26  Command Center  
  36  3:46  Barracks x2  
  36  4:01  SCV  
  37  4:03  Starport  
  37  4:13  SCV  
Tags
 
Add a new tag
Caveats
  • Supply blocks, unpowered buildings, or Contaminate may cause inaccurate times.
  • Supply counts are checked every 10 seconds.